 Dungeon Crawl Stone Soup version 0.32-a0-996-gb3226c233f (webtiles) character file.

Game seed: 12169249677553065823

11887 swap the Thaumaturge (level 12, -19/60 (70) HPs)
             Began as a Djinni Earth Elementalist on Apr 23, 2024.
             Was an Elder of Makhleb.
             Killed from afar by a laughing skull (28 damage)
             ... with a bolt of negative energy
             ... in a Gauntlet.
             The game lasted 01:08:12 (10068 turns).

swap the Thaumaturge (Djinni Earth Elementalist)   Turns: 10068, Time: 01:08:15

HP:   -19/60 (70)   AC:  7    Str:  7    XL:     12   Next: 13%
Gold: 789           EV:  8    Int: 24    God:    Makhleb [****..] SH: 10 Dex: 15

rFire   + + .        b - +2 sling of Youthful Indiscretion {flame, rC+ MP+9 Int-3 Stlth+}
rCold   . . .        o - +3 kite shield
rNeg    . . .        T - +0 troll leather armour
rPois   ∞            s - +0 helmet
rElec   .            p - +1 cloak
rCorr   .            v - +0 pair of gloves
SInv    .            (boots unavailable)
Will    ++...        (no amulet)
Stlth   ++++         f - ring of wizardry
HPRegen 1.10/turn    A - +6 ring of intelligence

%: no teleportation, wizardry (x1), infuse magic (-20 HP)
@: enlightened, flying, heavily drained
A: sickness immunity, fire resistance 2, cold vulnerability 1, float, innate
caster, HP casting, extra vitality 1
a: Renounce Religion, Minor Destruction, Lesser Servant of Makhleb, Major
Destruction


You were in a Gauntlet.
You worshipped Makhleb.
Makhleb was greatly pleased with you.
You visited 3 branches of the dungeon, and saw 14 of its levels.
You also visited: Sewer and Gauntlet.

You collected 789 gold pieces.

Inventory:

Hand Weapons
 b - the +2 sling of Youthful Indiscretion (weapon) {flame, rC+ MP+9 Int-3 Stlth+}
   (You found it on level 6 of the Dungeon)

   Int-3:     It affects your intelligence (-3).
   rC+:       It protects you from cold.
   MP+9:      It affects your magic capacity (+9).
   Stlth+:    It makes you more stealthy.
 r - a +9 whip of electrocution
 G - a +0 shortbow of draining
Missiles
 y - a throwing net
 U - 5 datura-tipped darts
Armour
 o - a +3 kite shield (worn)
 p - a +1 cloak (worn)
 s - a +0 helmet (worn)
 v - a +0 pair of gloves (worn)
 x - a +2 scale mail of willpower
 O - +0 steam dragon scales
 T - a +0 troll leather armour (worn)
Magical Staves
 l - a staff of death
Jewellery
 f - a ring of wizardry (left hand)
 A - a +6 ring of intelligence (right hand)
 C - a ring of see invisible
 R - a +6 ring of dexterity
 Y - a ring of wizardry
Talismans
 N - a dragon-blood talisman
Wands
 d - a wand of polymorph (7)
 w - a wand of iceblast (24)
 K - a wand of paralysis (8)
 W - a wand of flame (9)
Scrolls
 e - a scroll of fog
 g - 2 scrolls of vulnerability
 j - 2 scrolls of blinking
 k - a scroll of silence
 m - a scroll of fear
 t - 4 scrolls of teleportation {unknown}
 B - 2 scrolls of acquirement {unknown}
 I - a scroll of torment {unknown}
 Q - a scroll of amnesia {unknown}
 S - a scroll of butterflies {unknown}
 V - a scroll of noise {unknown}
 X - a scroll of poison {unknown}
Potions
 a - 2 potions of ambrosia {unknown}
 c - a potion of experience {unknown}
 h - 3 potions of degeneration {unknown}
 n - 6 potions of curing {unknown}
 q - 3 potions of enlightenment
 z - a potion of brilliance {unknown}
 D - 3 potions of lignification {unknown}
 E - 4 potions of magic {unknown}
 H - a potion of berserk rage
 J - 2 potions of haste {unknown}
 P - 2 potions of heal wounds {unknown}


   Skills:
 - Level 2.3 Armour
 - Level 3.4 Dodging
 - Level 5.0 Stealth
 * Level 12.8 Spellcasting
 * Level 12.8 Conjurations
 * Level 12.8 Hexes
 * Level 12.8 Summonings
 * Level 12.8 Necromancy
 * Level 12.8 Translocations
 * Level 12.8 Fire Magic
 * Level 12.8 Ice Magic
 * Level 12.8 Air Magic
 * Level 12.8 Earth Magic
 * Level 12.8 Alchemy
 - Level 3.2 Invocations
 - Level 2.0 Evocations
 + Level 4.6 Shapeshifting


You knew the following spells:

 Your Spells              Type           Power      Damage    Failure   Level
a - Sandblast             Erth           100%       2d20      1%          1
b - Passwall              Erth           67%        N/A       1%          3
c - Stone Arrow           Conj/Erth      100%       3d13      1%          3
d - Petrify               Alch/Erth      67%        N/A       1%          4
e - Brom's Barrelling Bo  Conj/Erth      67%        2d8       1%          4
f - Magic Dart            Conj           100%       1d8       1%          1
g - Jinxbite              Hex            100%       N/A       1%          2
h - Vampiric Draining     Necr           67%        2d10      1%          3
i - Summon Lightning Spi  Summ/Air       67%        N/A       1%          4
j - Olgreb's Toxic Radia  Alch           67%        N/A       1%          4
Your spell library was empty.

Dungeon Overview and Level Annotations

Branches:
Dungeon (11/15)            Temple (1/1) D:5            Lair (2/5) D:9
  Swamp (0/4) Lair:2        Snake (0/4) Lair:2        Sewer (visited)
Gauntlet (1/1)
    Orc: D:9-12

Altars:
Ashenzari
Cheibriados
Dithmenos
Elyvilon
Fedhas
Gozag
Hepliaklqana
Makhleb
Nemelex Xobeh
Okawaru
Qazlal
Ru
Trog
Uskayaw
Wu Jian
Xom
Yredelemnul
Zin
The Shining One

Shops:
D:2 [

Annotations:
D:2 1 runed translucent door, Crazy Yiuf Gauntlet 9 transporters, 2 runed translucent doors


Innate Abilities, Weirdness & Mutations

You are immune to sickness and miasma.
You are immune to poison.
Your flesh is very heat resistant. (rF++)
You are vulnerable to cold. (rC-)
You float through the air rather than walking.
You learn spells naturally, not from books.
Your magical power is your life essence.
You have superior vitality. (+4 MHP)


Message History

q - 4 viscous puce potions (gained 1)
There is a transporter here.
c - a clear potion
There is a transporter here.
Your lightning spire disappears in a puff of smoke!
There is a transporter here.
You enter the transporter and appear at another place.
The laughing skull gives a hideous shriek!
There is a transporter here.
Press: ? - help, v - describe, . - travel A stone wall.
There is a transporter here.
The death scarab's many legs skitter faintly.
The death scarab's many legs skitter faintly.
The death scarab waves its antennae.
There is a transporter here.
The death yak bellows!
You hear a bellow! x2
The necromancer shouts!
You hear a bellow!
The weeping skull grieves for the multitudes of fallen empires.
There is a transporter here.
You enter the transporter and appear at another place.
The laughing skull cackles spitefully.
The bolt of negative energy hits you!!!
You feel drained.
Ouch! That really hurt!
Okay, then.
Casting: Sandblast (safe; 1% risk of failure)
Confirm with . or Enter, or press ? or * to list all spells.
An electric hum fills the air.
The laughing skull barely misses you.
The laughing skull cackles spitefully.
The bolt of negative energy hits you!!
You feel drained.
* * * LOW HITPOINT WARNING * * *
The death scarab waves its antennae.
It was a potion of enlightenment.
You feel more buoyant.
The laughing skull chuckles harshly at how history will forget everyone present.
The laughing skull closely misses you.
The laughing skull gibbers with scorn.
The bolt of negative energy hits you!!
You feel drained.
You die...
The laughing skull crumbles to pieces from sheer joy.

#≈.........#....©....#.........§#
##..#########################§§##
≈...#...........©...........#.§§§
#...#.©.........©.........©.#.§.#
..#############################..
..#.......#.#..ß#ß°.#.#Yp.....#.§
..#.⌠.ß.ßZ#.#...ß.z○#.#Y...#..#.§
..#......B#.#ß.ßzßzß#.#Y..###.#.§
..#.#.©.#.#.##ßz@zß##.#..#©#..#..
..#.......#.#ß.ß○ß.ß#.#.###...#.§
..#.#.#Z#.#.#...ßI..#.#..#....#..
..#.:.©[!.#.#.?$©.[.#.#.Y.©!).#..
..#########.#########.#########..
.....................§.......§...
..............ß.∩.ß...§§..§.....§
#≈#§#§#≈#≈#############§#≈#§#§#≈#
############.........############


You could see 3 death yaks, a spectral eight-headed hydra, a death scarab, a
weeping skull, 4 laughing skulls and a friendly lightning spire (summoned).

Vanquished Creatures
  A two-headed ogre (D:7)
  A worldbinder (Gauntlet)
  A black mamba (Lair:1)
  2 cane toads (Lair:1)
  3 komodo dragons (Lair:1)
  A troll (D:10)
  A hornet (D:10)
  8 blink frogs
  Sigmund (D:6)
  A wyvern (D:9)
  8 yaks
  A wraith (D:9)
  2 basilisks (Lair:1)
  A steam dragon (D:9)
  Duvessa (D:6)
  2 water moccasins (Lair:1)
  2 acid dragons (D:10)
  Pargi (Sewer)
  An orc warrior (D:9)
  2 ice beasts
  2 black bears
  An ogre (D:5)
  A boggart (Gauntlet)
  6 centaurs
  A kobold brigand (D:7)
  A brain worm (Sewer)
  8 bullfrogs
  3 gnoll sergeants
  2 scorpions
  A wyvern zombie (D:7)
  Dowan (D:6)
  9 killer bees
  10 howler monkeys
  A bombardier beetle (D:3)
  A bullfrog zombie (D:7)
  3 jellies
  An orc priest (D:4)
  3 gnoll boudas
  3 hounds
  A sleepcap (D:4)
  2 iguanas (D:6)
  Ijyb (D:3)
  6 orc wizards
  3 hell rats (D:9)
  Robin (D:3)
  26 gnolls
  5 adders
  3 river rats (D:9)
  6 shadow imps
  2 white imps
  2 ufetubi (D:5)
  2 dart slugs
  3 ribbon worms
  21 orcs
  10 ball pythons
  10 endoplasms
  6 giant cockroaches
  14 goblins
  5 hobgoblins
  6 jackals
  14 kobolds
  A quokka (D:2)
  12 bats
  6 frilled lizards
  5 rats
272 creatures vanquished.

Vanquished Creatures (collateral kills)
  An arcanist (Gauntlet)
  2 boggarts (Gauntlet)
3 creatures vanquished.

Grand Total: 275 creatures vanquished

Notes
Turn   | Place    | Note
-------+----------+-------------------------------------------
     0 | D:1      | swap the Djinni Earth Elementalist began the quest for the
                  | Orb.
     0 | D:1      | swap set off with the following spells memorised:
                  | Sandblast, Passwall, Stone Arrow, Petrify, Brom's
                  | Barrelling Boulder.
     0 | D:1      | Reached XP level 1. HP: 15/15 MP: 0/0
    57 | D:1      | Reached XP level 2. HP: 21/21 MP: 0/0
   324 | D:1      | Reached XP level 3. HP: 25/25 MP: 0/0
   324 | D:1      | Learned a level 1 spell: Magic Dart
   545 | D:1      | Found a glowing silver altar of Zin.
   997 | D:2      | Reached XP level 4. HP: 30/31 MP: 0/0
  1118 | D:2      | Found a runed translucent door.
  1119 | D:2      | Noticed Crazy Yiuf
  1192 | D:2      | Found Hew Zec's Armour Shoppe.
  1449 | D:3      | Noticed Robin
  1456 | D:3      | Killed Robin
  1594 | D:3      | Reached XP level 5. HP: 29/35 MP: 0/0
  1594 | D:3      | Learned a level 2 spell: Jinxbite
  1900 | D:3      | Noticed Ijyb
  1916 | D:3      | Killed Ijyb
  2038 | D:3      | Found a snail-covered altar of Cheibriados.
  2043 | D:3      | Reached skill level 5 in Spellcasting
  2043 | D:3      | Reached skill level 5 in Conjurations
  2043 | D:3      | Reached skill level 5 in Hexes
  2043 | D:3      | Reached skill level 5 in Summonings
  2043 | D:3      | Reached skill level 5 in Necromancy
  2043 | D:3      | Reached skill level 5 in Translocations
  2043 | D:3      | Reached skill level 5 in Fire Magic
  2043 | D:3      | Reached skill level 5 in Ice Magic
  2043 | D:3      | Reached skill level 5 in Air Magic
  2043 | D:3      | Reached skill level 5 in Earth Magic
  2043 | D:3      | Reached skill level 5 in Alchemy
  2043 | D:3      | Reached XP level 6. HP: 39/40 MP: 0/0
  2695 | D:4      | Reached XP level 7. HP: 39/45 MP: 0/0
  2695 | D:4      | Learned a level 3 spell: Vampiric Draining
  2859 | D:4      | Found a sacrificial altar of Ru.
  3120 | D:5      | Entered Level 5 of the Dungeon
  3308 | D:5      | Reached skill level 1 in Evocations
  3470 | D:5      | Reached XP level 8. HP: 44/50 MP: 0/0
  3521 | D:5      | Found a staircase to the Ecumenical Temple.
  3861 | Temple   | Entered the Ecumenical Temple
  3875 | Temple   | Became a worshipper of Makhleb the Destroyer
  4025 | D:5      | Found a shimmering altar of Xom.
  4437 | D:6      | Found a glowing drain.
  4443 | Sewer    | Entered a sewer
  4671 | Sewer    | Noticed Pargi
  4677 | Sewer    | Killed Pargi
  4795 | D:6      | Reached * piety under Makhleb
  4798 | D:6      | Noticed Duvessa
  4802 | D:6      | Noticed Dowan
  4807 | D:6      | Reached skill level 5 in Stealth
  4809 | D:6      | Killed Duvessa
  4810 | D:6      | Reached XP level 9. HP: 21/55 MP: 0/0
  4810 | D:6      | Learned a level 4 spell: Summon Lightning Spire
  4815 | D:6      | Killed Dowan
  5188 | D:6      | Noticed Sigmund
  5192 | D:6      | Killed Sigmund
  5193 | D:6      | Reached skill level 1 in Invocations
  5324 | D:6      | Identified the +2 sling of Youthful Indiscretion {flame,
                  | rC+ MP+9 Int-3 Stlth+}
  5816 | D:7      | Noticed a two-headed ogre
  5818 | D:7      | Reached ** piety under Makhleb
  5821 | D:7      | Killed a two-headed ogre
  5941 | D:7      | Reached XP level 10. HP: 60/60 MP: 0/0
  6384 | D:7      | Found a basalt altar of Yredelemnul.
  6752 | D:8      | Reached skill level 10 in Spellcasting
  6752 | D:8      | Reached skill level 10 in Conjurations
  6752 | D:8      | Reached skill level 10 in Hexes
  6752 | D:8      | Reached skill level 10 in Summonings
  6752 | D:8      | Reached skill level 10 in Necromancy
  6752 | D:8      | Reached skill level 10 in Translocations
  6752 | D:8      | Reached skill level 10 in Fire Magic
  6752 | D:8      | Reached skill level 10 in Ice Magic
  6752 | D:8      | Reached skill level 10 in Air Magic
  6752 | D:8      | Reached skill level 10 in Earth Magic
  6752 | D:8      | Reached skill level 10 in Alchemy
  6834 | D:8      | Reached skill level 1 in Armour
  6935 | D:8      | Found a white marble altar of Elyvilon.
  7576 | D:9      | Reached *** piety under Makhleb
  7722 | D:9      | Found a staircase to the Lair.
  8151 | D:10     | Entered Level 10 of the Dungeon
  8258 | D:10     | Reached XP level 11. HP: 33/65 MP: 0/0
  8258 | D:10     | Learned a level 4 spell: Olgreb's Toxic Radiance
  8259 | D:10     | Reached skill level 1 in Shapeshifting
  8831 | D:11     | Noticed a red ugly thing
  8876 | Lair:1   | Entered Level 1 of the Lair of Beasts
  9224 | Lair:1   | Reached **** piety under Makhleb
  9778 | Lair:2   | Found a gate leading to a gauntlet.
  9787 | Gauntlet | Entered a Gauntlet
  9787 | Gauntlet | Noticed a worldbinder
  9787 | Gauntlet | Noticed a worldbinder
  9787 | Gauntlet | Found a transporter.
  9787 | Gauntlet | Found a transporter.
  9787 | Gauntlet | Found a runed translucent door.
  9788 | Gauntlet | Upgraded the game from 0.32-a0-995-gb4a59205af to
                  | 0.32-a0-996-gb3226c233f
  9788 | Gauntlet | Found a runed translucent door.
  9789 | Gauntlet | Found a transporter.
  9790 | Gauntlet | Found a transporter.
  9792 | Gauntlet | Found a transporter.
  9816 | Gauntlet | Noticed a tengu warrior
  9819 | Gauntlet | Found a transporter.
  9831 | Gauntlet | Found a transporter.
  9847 | Gauntlet | Noticed an arcanist
  9850 | Gauntlet | Found a transporter.
  9853 | Gauntlet | Found a transporter.
  9853 | Gauntlet | Found a transporter.
  9855 | Gauntlet | Noticed a death yak
  9855 | Gauntlet | Noticed a necromancer
  9856 | Gauntlet | Noticed a death yak
  9857 | Gauntlet | Noticed a death yak
  9858 | Gauntlet | Noticed a death yak
  9864 | Gauntlet | Found a transporter.
  9880 | Gauntlet | Found a transporter.
  9889 | Gauntlet | Noticed a death scarab
  9890 | Gauntlet | Found a transporter.
  9890 | Gauntlet | Noticed a death scarab
  9906 | Gauntlet | Found a transporter.
  9986 | Gauntlet | Reached XP level 12. HP: 63/70 MP: 0/0
 10010 | Gauntlet | Killed an arcanist
 10068 | Gauntlet | Killed from afar by a laughing skull

Illustrated notes

Levels and vault maps discovered:
D:1:      dpeg_arrival_water_altar, layout_rooms
D:2:      layout_loops_ring, serial_shops, shop, uniq_crazy_yiuf_cottage
D:3:      layout_rooms, slow_altar_2, uniq_robin, uniq_ijyb
D:4:      layout_gridville, general_overflow_altar
D:5:      layout_loops_ring, kennysheep_mini, minmay_temple_entry_tees,
          serial_glass, glass_columns_b, glass_columns_a, nicolae_grassy_gnolls
D:6:      layout_gridville, mainiacjoe_sewer_entry_somewhere_in_here_1,
          minmay_starry_boxes, uniq_duvessa, uniq_sigmund
D:7:      layout_loops_ring, lemuel_zombie_altar_yredelemnul,
          minmay_statues_item
D:8:      layout_loops_cross, mainiacjoe_overflow_catwalk_spiral
D:9:      layout_gridville, dpeg_lair_monsters,
          serial_library_hellmonk_hallway_a
D:10:     layout_roguey
D:11:     layout_cave_pods, serial_shops, nicolae_shop_tiny_waterfront, shop
Temple:   compressed_dpeg_triangle_lava_temple
Lair:1:   layout_cellular_growth, st_stairs_9, grunt_megastairs_3,
          lemuel_fruit_fields, serial_bayou_shore_b
Lair:2:   layout_long_grid, minmay_swamp_entry_wisps,
          guppyfry_snake_entry_island, gauntlet_entry_generic,
          hellmonk_talismancer, grunt_megastairs_5
Gauntlet: gammafunk_gauntlet_mixed_choke_point
          [minmay_gauntlet_arena_77_cramped, minmay_gauntlet_arena_77_fan,
          minmay_gauntlet_arena_77_squiggly, gammafunk_gauntlet_arena_hedges,
          minmay_gauntlet_arena_77_museum,
          minmay_gauntlet_arena_77_terracotta_army,
          minmay_gauntlet_arena_77_double_cross,
          nicolae_gauntlet_exit_dead_adventurers]

Skill      XL: |  1  2  3  4  5  6  7  8  9 10 11 |
---------------+----------------------------------+-----
Spellcasting   | 4 5 6 7 9 11 12 | 12.8
Conjurations   | 4 5 6 7 9 11 12 | 12.8
Hexes          | 4 5 6 7 9 11 12 | 12.8
Summonings     | 4 5 6 7 9 11 12 | 12.8
Necromancy     | 4 5 6 7 9 11 12 | 12.8
Translocations | 4 5 6 7 9 11 12 | 12.8
Fire Magic     | 4 5 6 7 9 11 12 | 12.8
Ice Magic      | 4 5 6 7 9 11 12 | 12.8
Air Magic      | 4 5 6 7 9 11 12 | 12.8
Earth Magic    | 4 5 6 7 9 11 12 | 12.8
Alchemy        | 4 5 6 7 9 11 12 | 12.8
Stealth        | 2 3 5 |  5.0
Evocations     | 1 2 |  2.0
Invocations    | 3 |  3.2
Dodging        | 3 |  3.4
Armour         | 2 |  2.3
Shapeshifting  | 4 |  4.6

Action                     |  1- 3 |  4- 6 |  7- 9 | 10-12 || total
---------------------------+-------+-------+-------+-------++-------
  Melee: Whip              |       |     8 |       |       ||     8
   Fire: Sling             |    30 |    51 |    42 |    64 ||   187
         Shortbow          |       |       |    28 |       ||    28
   Cast: Sandblast         |    38 |    60 |   105 |   132 ||   335
         Stone Arrow       |       |     3 |    20 |    50 ||    73
         Magic Dart        |       |     3 |       |       ||     3
         Passwall          |       |     1 |       |       ||     1
         Petrify           |       |       |     2 |       ||     2
         Vampiric Draining |       |       |       |    17 ||    17
         Summon Lightning  |       |       |       |     4 ||     4
    Use: Scroll            |       |       |     7 |    10 ||    17
         Potion            |       |       |       |     1 ||     1
 Armour: Robe              |     5 |    19 |    33 |     8 ||    65
         Scale mail        |       |       |       |    34 ||    34
         Steam dragon scal |       |       |       |     7 ||     7
         Troll leather arm |       |       |       |    40 ||    40
  Dodge: Dodged            |     3 |    15 |    22 |    47 ||    87
  Block: Kite shield       |       |       |       |    20 ||    20

Table legend: (Time is in decaauts)
 A = Elapsed time spent in this place.
 B = Non-inter-level travel time spent in this place.
 C = Inter-level travel time spent in this place.
 D = Time resting spent in this place.
 E = Time spent auto-exploring this place.
 F = Levels seen in this place.
 G = Mean time per level.
                   A        B        C        D        E       F      G
               +--------+--------+--------+--------+--------+-----+--------+
         Total |  10331 |   9882 |    449 |   1350 |   5923 |  16 |  645.7 |
       Dungeon |   8787 |   8402 |    385 |   1121 |   5298 |  11 |  798.8 |
        Temple |     28 |      2 |     26 |      0 |      0 |   1 |   28.0 |
          Lair |    942 |    905 |     37 |     62 |    599 |   2 |  471.0 |
         Sewer |    289 |    289 |      0 |    166 |     26 |   1 |  289.0 |
      Gauntlet |    283 |    283 |      0 |      0 |      0 |   1 |  283.0 |
               +--------+--------+--------+--------+--------+-----+--------+

Top non-repeatable levels by time:
     D:5: 1229 daAuts
     D:6: 1199 daAuts
     D:9: 1023 daAuts
     D:4: 1004 daAuts
  Lair:1: 901 daAuts
     D:2: 814 daAuts
     D:3: 785 daAuts
     D:8: 758 daAuts
     D:7: 723 daAuts
    D:10: 644 daAuts
     D:1: 602 daAuts
   Sewer: 289 daAuts
Gauntlet: 283 daAuts
  Lair:2: 40 daAuts
  Temple: 28 daAuts
